 Dungeon Crawl Stone Soup version 0.27-a0-46-g34d46f0a3f (console) character file.

Game seed: 16434502436033885162

(classic levelgen) 2300 Duffy the Cleaver (level 9, -12/112 HPs)
             Began as a Naga Fighter on Jan 6, 2021.
             Was an Elder of Cheibriados.
             Mangled by an ice beast (14 damage)
             ... on level 7 of the Dungeon.
             The game lasted 00:06:49 (7598 turns).

Duffy the Cleaver (Naga Fighter)                    Turns: 7598, Time: 00:06:50

Health: -12/112    AC: 24    Str: 27    XL:     9   Next: 40%
Magic:  13/13      EV:  1    Int: 20    God:    Cheibriados [****..]
Gold:   395        SH: 18    Dex: 27    Spells: 8/8 levels left

rFire    . . .     SeeInvis +   b - +1 whip (elec)
rCold    . . .     Faith    .   j - +0 tower shield
rNeg     + + +     Spirit   .   (armour currently unavailable)
rPois    +         Reflect  .   (helmet currently unavailable)
rElec    .         Harm     .   (cloak currently unavailable)
rCorr    .         Rampage  .   (gloves currently unavailable)
Will     +....     NoTele   +   (no barding)
Stlth    ++........             (no amulet)
HPRegen  0.28/turn              K - +6 ring of dexterity
MPRegen  0.13/turn              (no ring)

@: lethally poisoned (-12 -> -14), tree-form, slowed, very slow
A: large, see invisible, spit poison 1, AC +3
a: Spit Poison, Renounce Religion, Bend Time, Temporal Distortion, Slouch


You were on level 7 of the Dungeon.
You worshipped Cheibriados.
Cheibriados was greatly pleased with you.
You were a tree.
You visited 2 branches of the dungeon, and saw 8 of its levels.
You also visited: Sewer.

You collected 395 gold pieces.

Inventory:

Hand Weapons
 a - a +0 war axe
 b - a +1 whip of electrocution (weapon)
 g - a +1 antimagic hand axe
Missiles
 G - 6 curare-tipped darts
Armour
 c - a +0 kite shield
 j - a +0 tower shield (worn)
 q - a +1 hat of see invisible (melded)
 u - a +0 cloak
 x - a +2 leather armour of cold resistance
 y - a +2 scale mail of cold resistance (melded)
 z - the cursed +0 cloak of Butt (melded) {*Slow rElec rN+++ rCorr}
   (You found it on level 4 of the Dungeon)

   It insulates you from electricity.
   It renders you almost immune to negative energy.
   It provides partial protection from all sources of acid and corrosion.
   It may slow you when you take damage.
   It has a curse placed upon it.
 D - a +0 scale mail
 F - a +2 ring mail of fire resistance
 I - a +0 pair of gloves (melded)
Magical Staves
 B - an uncursed staff of death {!a, unknown}
Jewellery
 K - a +6 ring of dexterity (left branch)
Wands
 w - a wand of digging (10)
 C - a wand of polymorph (1)
Scrolls
 f - 5 scrolls of remove curse
 i - 2 scrolls of amnesia
 m - 2 scrolls of blinking {unknown}
 n - a scroll of fog {unknown}
 o - a scroll of magic mapping {unknown}
 s - 2 scrolls of enchant weapon
 H - a scroll of random uselessness {unknown}
 J - a scroll of immolation {unknown}
 L - a scroll of teleportation {unknown}
Potions
 d - 3 potions of might
 e - a potion of cancellation
 h - a potion of lignification
 k - a potion of resistance {unknown}
 l - 3 potions of curing {unknown}
 p - a potion of magic
 r - a potion of haste
 t - a potion of attraction
 v - a potion of flight
 A - 2 potions of mutation {unknown}
 E - 2 potions of brilliance
 M - a potion of berserk rage {unknown}


   Skills:
 - Level 3.0 Fighting
 + Level 8.2 Axes
 - Level 2.4 Armour
 + Level 7.0 Shields
 + Level 5.4 Invocations


You had 8 spell levels left.
You didn't know any spells.
Your spell library contained the following spells:

 Spells                   Type           Power        Failure   Level
 Animate Skeleton         Necr           0%           71%         1
 Pain                     Necr           0%           71%         1
 Vampiric Draining        Necr           0%           97%         3
 Animate Dead             Necr           0%           100%        4
 Agony                    Necr           0%           100%        5


Dungeon Overview and Level Annotations

Branches:
Dungeon (7/15)             Temple (1/1) D:4           Sewer (visited)

Altars:
Ashenzari
Cheibriados
Dithmenos
Elyvilon
Fedhas
Gozag
Kikubaaqudgha
Makhleb
Nemelex Xobeh
Okawaru
Qazlal
Ru
Sif Muna
Trog
Uskayaw
Vehumet
Wu Jian
Xom
Yredelemnul
Zin
The Shining One


Innate Abilities, Weirdness & Mutations

You cannot wear boots.
((Your serpentine skin is tough. (AC +3)))
You have supernaturally acute eyesight. (SInv)
((Armour fits poorly on your strangely shaped body.))
((Your system is resistant to poisons. (rPois)))
((You cover ground very slowly.))
You can spit poison.


Message History

You hit the harpy.
The harpy is almost dead.
You feel sick. You block the harpy's attack. x2
The ice beast hits you but does no damage.
You swing at nothing.
You feel sick.
The harpy screeches!
The harpy claws you but does no damage. You block the harpy's attack.
You block the ice beast's attack. The harpy claws you!
* * * LOW HITPOINT WARNING * * *
The harpy claws you.
* * * LOW HITPOINT WARNING * * *
The ice beast hits you but does no damage.
You whack the harpy!
You kill the harpy!
Cheibriados thoroughly appreciates the change of pace.
The hornet returns to its original shape as it dies.
The ice beast hits you.
* * * LOW HITPOINT WARNING * * *
The ice beast freezes you!
You die...

#..#..####
#..#.....#
#.....##.#
#........#
#..#####.#
##..# # #...#
###.###.#.#
#....%7...#
#######Y#.....
#.####.# #.# #
#.# ..# ... ##


You could see an ice beast.

Vanquished Creatures
  A harpy (D:7)
  Eustachio (D:4)
  An ice beast (D:5)
  An orc warrior (D:6)
  A black bear (D:4)
  3 sky beasts
  An ogre (D:5)
  2 centaurs
  5 bullfrogs
  8 wights
  2 hounds
  A jelly (D:6)
  A bullfrog skeleton (D:6)
  3 orc wizards (D:7)
  A gnoll shaman (D:5)
  Ijyb (D:3)
  An iguana (D:6)
  6 worker ants
  A howler monkey skeleton (D:6)
  10 adders
  5 gnolls (D:5)
  A white imp (D:7)
  An ooze (D:1)
  An adder zombie (D:6)
  5 worms
  A dart slug (D:2)
  11 leopard geckos
  11 orcs
  4 ball pythons
  8 bats
  13 giant cockroaches
  3 goblins (D:2)
  7 hobgoblins
  4 jackals (D:6)
  3 quokkas
  15 frilled lizards
  10 kobolds
  2 leopard gecko skeletons
  A quokka skeleton (D:5)
  9 rats
166 creatures vanquished.

Notes
Turn   | Place    | Note
-------+----------+-------------------------------------------
     0 | D:1      | Duffy the Naga Fighter began the quest for the Orb.
     0 | D:1      | Reached XP level 1. HP: 21/21 MP: 1/1
   432 | D:1      | Reached XP level 2. HP: 18/28 MP: 2/2
   830 | D:1      | Reached XP level 3. HP: 25/34 MP: 1/3
  1220 | D:1      | Reached skill level 3 in Axes
  1510 | D:2      | Reached XP level 4. HP: 18/42 MP: 1/4
  3046 | D:3      | Noticed Ijyb
  3067 | D:3      | Killed Ijyb
  3068 | D:3      | Reached skill level 4 in Axes
  3068 | D:3      | Reached XP level 5. HP: 45/49 MP: 1/5
  3345 | D:4      | Found a staircase to the Ecumenical Temple.
  3357 | Temple   | Entered the Ecumenical Temple
  3463 | Temple   | Became a worshipper of Cheibriados the Contemplative
  3804 | D:4      | Noticed a black bear
  3818 | D:4      | Killed a black bear
  3819 | D:4      | Reached XP level 6. HP: 29/56 MP: 2/6
  3991 | D:4      | Noticed Eustachio
  4028 | D:4      | Killed Eustachio
  4029 | D:4      | Reached skill level 5 in Axes
  4225 | D:4      | Reached XP level 7. HP: 59/59 MP: 2/7
  4389 | D:4      | Got a warped cloak
  4544 | D:4      | Identified the cursed +0 cloak of Butt {*Slow rElec rN+++
                  | rCorr} (You found it on level 4 of the Dungeon)
  4573 | D:5      | Entered Level 5 of the Dungeon
  4635 | D:5      | Reached skill level 5 in Shields
  4705 | D:5      | Reached * piety under Cheibriados
  4774 | D:5      | Reached skill level 6 in Axes
  4794 | D:5      | Found a glowing drain.
  4810 | Sewer    | Entered a sewer
  4907 | Sewer    | Reached ** piety under Cheibriados
  5037 | Sewer    | Reached skill level 1 in Invocations
  5037 | Sewer    | Reached XP level 8. HP: 65/69 MP: 2/8
  5572 | D:5      | Noticed Pikel
  5578 | D:4      | Noticed Pikel
  5578 | D:4      | Pikel changed into Pikel the worm
  5581 | D:4      | Killed Pikel the worm
  6148 | D:6      | Reached skill level 7 in Axes
  6264 | D:6      | Reached *** piety under Cheibriados
  6771 | D:6      | Reached XP level 9. HP: 75/75 MP: 12/12
  7221 | D:6      | Reached skill level 5 in Invocations
  7406 | D:7      | Reached skill level 8 in Axes
  7409 | D:7      | Reached **** piety under Cheibriados
  7584 | D:7      | Noticed a hornet
  7586 | D:7      | Paralysed by a hornet for 3 turns
  7589 | D:7      | Noticed a harpy
  7589 | D:7      | a hornet changed into a harpy
  7597 | D:7      | HP: 4/112 [harpy (6)]
  7598 | D:7      | Killed a harpy
  7598 | D:7      | Mangled by an ice beast

Illustrated notes

Levels and vault maps discovered:
D:1:      wander_arrival_chamber, layout_loops_cross,
          chequers_serial_rivers_micro_b
D:2:      layout_rooms, serial_aquarium, aquarium_bridge_straight
          [aquarium_subvault_bridge, aquarium_subvault_window,
          aquarium_subvault_bridge, aquarium_subvault_wall], aquarium_window_3,
          aquarium_window_2, aquarium_view_2e, aquarium_pool_corner,
          chequers_decorated_corner
D:3:      layout_basic, st_stairs_5, uniq_ijyb
D:4:      layout_loops_ring, minmay_temple_entry_junction, uniq_eustachio
D:5:      layout_basic, gup_sewer_entry_bubbles, chequers_jeans, uniq_pikel
D:6:      layout_cave_pools
D:7:      layout_loops_ring, basic_altar, uniq_crazy_yiuf_cottage
Temple:   dpeg_three_leaves_temple

Skill      XL: |  1  2  3  4  5  6  7  8  9 |
---------------+----------------------------+-----
Shields        | 3 4 5 6 7 |  7.0
Axes           | 3 4 5 6 7 8 |  8.2
Invocations    | 1 4 5 |  5.4
Fighting       | |  3.0
Armour         | |  2.4

Action                   |  1- 3 |  4- 6 |  7- 9 || total
-------------------------+-------+-------+-------++-------
Melee: War axe           |    42 |       |       ||    42
       Hand axe          |   104 |   196 |   149 ||   449
       Whip              |       |       |   263 ||   263
 Abil: Spit Poison       |     1 |     2 |     7 ||    10
Evoke: Wand              |       |       |     2 ||     2
  Use: Scroll            |       |     5 |     4 ||     9
       Potion            |       |       |     2 ||     2
Armor: Scale mail        |    67 |    62 |   174 ||   303
       Leather armour    |       |    18 |       ||    18
       Skin              |       |       |     9 ||     9
Dodge: Dodged            |    34 |    26 |    52 ||   112
Block: Kite shield       |    73 |       |       ||    73
       Tower shield      |    23 |   169 |   414 ||   606

Table legend: (Time is in decaauts)
 A = Elapsed time spent in this place.
 B = Non-inter-level travel time spent in this place.
 C = Inter-level travel time spent in this place.
 D = Time resting spent in this place.
 E = Time spent auto-exploring this place.
 F = Levels seen in this place.
 G = Mean time per level.
                   A        B        C        D        E       F      G
               +--------+--------+--------+--------+--------+-----+--------+
         Total |  10635 |  10279 |    356 |    106 |   8242 |   9 | 1181.7 |
       Dungeon |   9481 |   9184 |    297 |    106 |   7334 |   7 | 1354.4 |
        Temple |    166 |    108 |     58 |      0 |    102 |   1 |  166.0 |
         Sewer |    988 |    988 |      0 |      0 |    806 |   1 |  988.0 |
               +--------+--------+--------+--------+--------+-----+--------+

Top non-repeatable levels by time:
     D:1: 1856 daAuts
     D:6: 1749 daAuts
     D:5: 1698 daAuts
     D:3: 1476 daAuts
     D:4: 1432 daAuts
   Sewer: 988 daAuts
     D:2: 913 daAuts
     D:7: 354 daAuts
  Temple: 166 daAuts
